 Dungeon Crawl Stone Soup version 0.31.0-32-g396128a36d (webtiles) character file.

Game seed: 744319303524176730

76 cookedgoose the Gusty (level 4, 0/40 HPs)
             Began as an Oni Air Elementalist on Mar 9, 2024.
             Killed from afar by an orc wizard (7 damage)
             ... with a magic dart
             ... on level 3 of the Dungeon.
             The game lasted 00:09:30 (2981 turns).

cookedgoose the Gusty (Oni Air Elementalist)        Turns: 2981, Time: 00:09:30

Health: 0/40       AC:  3    Str: 12    XL:     4   Next: 32%
Magic:  1/8        EV: 10    Int: 18    God:
Gold:   80         SH:  0    Dex:  9    Spells: 6/9 levels left

rFire   + . .        (no weapon)
rCold   + . .        (no shield)
rNeg    + . .        a - +0 robe
rPois   +            (helmet restricted)
rElec   +            (no cloak)
rCorr   +            (gloves unavailable)
SInv    .            (boots unavailable)
Will    +....        (no amulet)
Stlth   ++           n - ring of willpower
HPRegen 0.26/turn    q - ring of positive energy
MPRegen 0.11/turn

%: no passive effects
@: resistant
A: large, unfitting armour, horns 1, tough skin 1, double potion healing,
drunken brawling
a: no special abilities


You were on level 3 of the Dungeon.
You visited 1 branch of the dungeon, and saw 3 of its levels.

You collected 80 gold pieces.

Inventory:

Hand Weapons
 g - a +0 dagger of venom
Missiles
 f - 4 boomerangs
Armour
 a - a +0 robe (worn)
Jewellery
 n - a ring of willpower (left hand)
 q - a ring of positive energy (right hand)
Scrolls
 c - a scroll of fear {unknown}
 d - a scroll of enchant armour {unknown}
 e - a scroll of identify {unknown}
 h - a scroll of summoning {unknown}
 i - a scroll of vulnerability {unknown}
 j - a scroll of noise {unknown}
 l - a scroll of teleportation {unknown}
 o - 4 scrolls of fog {unknown}
 p - 2 scrolls of torment {unknown}
 r - a scroll of poison {unknown}
Potions
 b - a potion of magic
 k - a potion of invisibility


   Skills:
 + Level 0.5 Fighting
 + Level 2.1 Dodging
 + Level 1.7 Stealth
 + Level 0.2 Unarmed Combat
 + Level 3.3 Spellcasting
 + Level 1.3 Conjurations
 + Level 3.5 Air Magic


You had 6 spell levels left.
You knew the following spells:

 Your Spells              Type           Power      Damage    Failure   Level
a - Shock                 Conj/Air       44%        1d5       6%          1
b - Static Discharge      Conj/Air       22%        3-4/arc   9%          2

Your spell library contained the following spells:

 Spells                   Type           Power      Damage    Failure   Level
 Swiftness                Air            15%        N/A       11%         3
 Foxfire                  Conj/Fire      20%        2x1d5     12%         1
 Airstrike                Air            7%         2d(2-18)  36%         4
 Gell's Gravitas          Tloc           2%         N/A       43%         3
 Teleport Other           Tloc           2%         N/A       43%         3
 Dispersal                Tloc           1%         N/A       100%        6
 Plasma Beam              Fire/Air       4%         2x1d14    100%        6
 Starburst                Conj/Fire      2%         6d3       100%        6


Dungeon Overview and Level Annotations

Branches:
Dungeon (3/15)

Altars:

Shops:
D:2 (


Innate Abilities, Weirdness & Mutations

You are too large for most types of armour.
You have a pair of small horns on your head.
You have tough skin. (AC +1)
You gain doubled healing and magic from potions.
Whenever you drink a healing potion, you attack all around you.


Message History

You hear some strange, mumbled words.
Something tries to affect you, but you resist.
The orc hits you with a +0 hand axe.
Casting: Shock (safe; 6% risk of failure)
Confirm with . or Enter, or press ? or * to list all spells.
Something is struck by an arc of lightning.
You are struck by an arc of lightning.
The lightning grounds out.
You hear some strange, mumbled words.
A puff of flame appears from out of thin air!
The puff of flame hits you! The orc hits you with a +0 hand axe.
Casting: Static Discharge (safe; 9% risk of failure)
Confirm with . or Enter, or press ? or * to list all spells.
You don't have enough magic to cast this spell.
A kobold comes into view. It is wielding a +0 whip.
Something hits you. Something hits you. Something hits you. Something hits you.
Your magical contamination has completely faded away.
Casting: Static Discharge (safe; 9% risk of failure)
Confirm with . or Enter, or press ? or * to list all spells.
Aiming: Shock (safe; 6% risk of failure)
Press: ? - help, Shift-Dir - straight line, f/p - orc
Aim: an orc, wielding a +0 hand axe and wearing a +0 leather armour (heavily wounded, 68% to hit)
The zap misses the orc.
Something hits you. Something hits you.
* * * LOW HITPOINT WARNING * * *
It was a potion of resistance.
You feel protected. Something hits you.
* * * LOW HITPOINT WARNING * * *
The orc barely misses you.
A magic dart appears from out of thin air!
The magic dart hits you.
* * * LOW HITPOINT WARNING * * *
An orc wizard appears from thin air!
Reactivating autopickup.
The orc wizard casts a spell at you. The magic dart hits you!
You die...

######## #....... #.####.#
# ######### #.###... #####
### #.......###.##....
..... ..#
#@###............. #####
#.# #.# #o#.###.####.# #.#
#.# #.#.# #.# #.# #.#
#o###.#.# #.. ..# #.#
#.o.o...# #.K..... # #.#
#######.# #####... ## ##.##
##.# (... .## ##...## ##..#
..####..#..#########...####


You could see an orc wizard and an orc.

Vanquished Creatures
  2 adders (D:2)
  2 dart slugs
  3 ribbon worms (D:2)
  A ball python (D:1)
  8 endoplasms
  4 giant cockroaches
  5 hobgoblins
  A jackal (D:2)
  3 quokkas
  3 bats (D:1)
  3 frilled lizards
  3 goblins
  4 kobolds
  4 rats
46 creatures vanquished.

Notes
Turn   | Place    | Note
-------+----------+-------------------------------------------
     0 | D:1      | cookedgoose the Oni Air Elementalist began the quest for
                  | the Orb.
     0 | D:1      | Reached XP level 1. HP: 16/16 MP: 3/3
   333 | D:1      | Reached XP level 2. HP: 24/24 MP: 3/5
   336 | D:1      | Learned a level 2 spell: Static Discharge
   533 | D:1      | You fall into a shaft and drop 1 floor!
   997 | D:1      | Reached XP level 3. HP: 26/31 MP: 0/7
  1401 | D:2      | Found a faded altar of an unknown god.
  1401 | D:2      | Noticed a glass eye
  1407 | D:2      | Noticed a great orb of eyes
  1420 | D:2      | Noticed a golden eye
  1420 | D:2      | Noticed a golden eye
  1562 | D:2      | Found Guotaro's Weapon Shop.
  1691 | D:2      | Identified the +8 trident of the Lesser Evil {flame,
                  | ^Fragile rElec rPois Stlth+}
  1842 | D:2      | Reached skill level 1 in Conjurations
  2282 | D:2      | Reached XP level 4. HP: 34/39 MP: 0/8
  2981 | D:3      | Killed from afar by an orc wizard

Illustrated notes

Levels and vault maps discovered:
D:1:      minmay_arrival_five_plusses, layout_loops_ring, hangedman_decor_push
D:2:      minmay_razor_zed, layout_loops_ring,
          hellmonk_ecumenical_altar_watching_god, serial_shops,
          nicolae_shop_statue_plus
D:3:      layout_loops_corners, mainiacjoe_overflow_alcove_1,
          minmay_diced_spiral

Skill      XL: |  1  2  3 |
---------------+----------+-----
Air Magic      | 3 |  3.5
Dodging        | 2 |  2.1
Conjurations   | 1 |  1.3
Spellcasting   | 3 |  3.3
Fighting       | |  0.5
Stealth        | |  1.7
Unarmed Combat | |  0.2

Action                     |  1- 3 |  4- 6 || total
---------------------------+-------+-------++-------
  Melee: Unarmed           |    28 |    10 ||    38
         Headbutt          |     5 |     1 ||     6
   Cast: Shock             |    75 |    27 ||   102
         Static Discharge  |    10 |     4 ||    14
    Use: Potion            |     2 |     1 ||     3
 Armour: Robe              |    43 |    23 ||    66
  Dodge: Dodged            |    27 |     8 ||    35
